 Dungeon Sprint DCSS version 0.13-a0-2484-gc765b08 (webtiles) character file.

824 Rycklaryybbe the Cleaver (level 7, -16/72 HPs)
             Began as a Deep Dwarf Berserker on July 20, 2013.
             Was a Believer of Trog.
             Demolished by an elephant slug (32 damage)
             ... in the Dungeon (Sprint I: "Red Sonja").
             The game lasted 00:01:48 (1109 turns).

Rycklaryybbe the Cleaver (Deep Dwarf Berserker)     Turns: 1109, Time: 00:01:48

HP -16/72        AC  2     Str 21      XL: 7   Next: 26%
MP   6/6         EV 12     Int  8      God: Trog [**....]
Gold 182         SH  0     Dex 13      Spells:  0 memorised,  6 levels left

Res.Fire  : . . .   See Invis. : .   a - +0 dwarf hand axe {=f}
Res.Cold  : . . .   Warding    : .   b - +0 animal skin
Life Prot.: . . .   Conserve   : .   (no shield)
Res.Poison: .       Res.Corr.  : .   (no helmet)
Res.Elec. : .       Clarity    : .   (no cloak)
Sust.Abil.: . .     Spirit.Shd : .   (no gloves)
Res.Mut.  : .       Prev.Telep.: +   (no boots)
Res.Rott. : .       Flight     : .   (no amulet)
Saprovore : . . .                    (no ring)
                                     (no ring)

@: non-regenerating, exhausted, slowed, very slow, somewhat resistant to hostile
enchantments, unstealthy
A: damage resistance, recharge devices, sense surroundings 1, slow healing 3
a: Device Recharging, Burn Spellbooks, Berserk, Trog's Hand, Renounce Religion


You were in the Dungeon.
You worshipped Trog.
Trog was most pleased with you.
You were not hungry.

You visited 1 branch You collected 162 gold pieces.

Inventory:

Hand weapons
 a - a +0,+0 dwarven hand axe (weapon) {=f}
 e - a +2,+0 vampiric scythe
Armour
 b - a +0 animal skin (worn)
Magical devices
 c - a wand of heal wounds (5)
Scrolls
 j - a scroll of blinking
Potions
 f - 2 potions of heal wounds
 g - a potion of speed
 h - 2 potions of magic


   Skills:
 + Level 10.6 Fighting
 + Level 12.3 Axes
 - Level 2.1 Armour
 - Level 2.1 Dodging


You had 6 spell levels left.
You didn't know any spells.

Dungeon Overview and Level Annotations

Branches:
Dungeon (1/1)

Altars:
Ashenzari
Elyvilon
Kikubaaqudgha
Trog
Vehumet
Yredelemnul
Zin

Shops:
D: /


Innate Abilities, Weirdness & Mutations

You are resistant to damage.
You can recharge devices by infusing magical energy.
You passively map a small area around you.
You do not heal naturally.


Message History

You see here 17 arrows.
You slice the jelly!!
The jelly is almost dead.
You slash the jelly!
You feel the power of Trog in you as your rage grows.
You kill the jelly!
Trog accepts your kill.
You feel a strong urge to attack something.
The door flies open with a bang!
You feel your anger subside.
An elephant slug comes into view.
Found Aracw's Magical Wand Emporium.
Found four altars.
You are no longer berserk.
Trog's vigour flows through your veins.
You are exhausted.
You feel yourself slow down.
There is an open door here.
You slash the elephant slug!
The elephant slug is lightly wounded.
The elephant slug bites you!
You die...

###################*
*
#<<#..)..#..'..#__#
,
#<.)..#..'[.#..'..+
,
#..#####'#####'#__#
* #..# #..# ,#?####
, * ,
#..#_.####,,##(#≈ ≈
, * #..#.....##+#..+
≈ , #⌠⌠#_.∩..j@..._#
####.....##_.#+# *
#_._. ##+# , , ####
, , , +,, * * , * ,
, + , , , , ,


You could see an elephant slug.

Vanquished Creatures
  A giant amoeba (D)
  An ogre (D)
  Sigmund (D)
  Ijyb (D)
  A jelly (D)
5 creatures vanquished.

Vanquished Creatures (others)
  A metal gargoyle (D)
1 creature vanquished.

Grand Total: 6 creatures vanquished

Notes
Turn   | Place    | Note
--------------------------------------------------------------
     0 | D        | Rycklaryybbe, the Deep Dwarf Berserker, began the quest for the Orb.
     0 | D        | Reached XP level 1. HP: 21/21 MP: 0/0
     1 | D        | Noticed Ijyb
    16 | D        | Killed Ijyb
    16 | D        | Reached skill level 4 in Fighting
    16 | D        | Reached skill level 5 in Axes
    16 | D        | Reached XP level 2. HP: 27/30 MP: 1/1
   224 | D        | Noticed an ogre
   229 | D        | Killed an ogre
   229 | D        | Reached skill level 6 in Fighting
   229 | D        | Reached skill level 7 in Axes
   229 | D        | Reached XP level 3. HP: 31/37 MP: 2/2
   229 | D        | Reached XP level 4. HP: 37/45 MP: 3/3
   453 | D        | Killed a metal gargoyle
   634 | D        | Noticed Sigmund
   642 | D        | Killed Sigmund
   642 | D        | Acquired Trog's second power
   642 | D        | Reached skill level 9 in Axes
   642 | D        | Reached XP level 5. HP: 52/52 MP: 4/4
   693 | D        | Found a white marble altar of Elyvilon.
   693 | D        | Found a shattered altar of Ashenzari.
   693 | D        | Found a radiant altar of Vehumet.
   693 | D        | Found a radiant altar of Vehumet.
   693 | D        | Noticed a giant amoeba
   702 | D        | Killed a giant amoeba
   702 | D        | Reached skill level 10 in Fighting
   702 | D        | Reached skill level 12 in Axes
   702 | D        | Reached XP level 6. HP: 21/63 MP: 5/5
   702 | D        | Reached XP level 7. HP: 24/72 MP: 6/6
  1097 | D        | Found a bloodstained altar of Trog.
  1099 | D        | Found a white marble altar of Elyvilon.
  1107 | D        | Found a glowing silver altar of Zin.
  1107 | D        | Found a basalt altar of Yredelemnul.
  1107 | D        | Found Aracw's Magical Wand Emporium.
  1107 | D        | Found an ancient bone altar of Kikubaaqudgha.
  1107 | D        | Found a white marble altar of Elyvilon.
  1107 | D        | Noticed an elephant slug
  1109 | D        | Demolished by an elephant slug

Action                   |  1- 3 |  4- 6 |  7- 9 || total
-------------------------+-------+-------+-------++-------
Melee: Hand axe          |    18 |    13 |     3 ||    34
Invok: Berserk           |       |     2 |     1 ||     3
  Use: Potion            |     1 |     1 |       ||     2
